 Dungeon Crawl Stone Soup version 0.32-a0-18-g89e19f1974 (webtiles) character file.

Game seed: 1655510345233832538

291 zenocrate the Sneak (level 6, -2/30 HPs)
             Began as a Vine Stalker Enchanter on Jan 16, 2024.
             Was an Initiate of Gozag.
             Slain by a hound (3 damage)
             ... on level 3 of the Dungeon.
             The game lasted 00:03:13 (2422 turns).

zenocrate the Sneak (Vine Stalker Enchanter)        Turns: 2422, Time: 00:03:14

Health: -2/30      AC: -3    Str: 17    XL:     6   Next: 32%
Magic:  0/10       EV: 13    Int: 15    God:    Gozag
Gold:   152        SH:  0    Dex: 16    Spells: 1/9 levels left

rFire   . . .        b - +0 dagger (venom)
rCold   . . .        (no shield)
rNeg    . . .        l - +0 robe
rPois   .            (no helmet)
rElec   .            g - +0 cloak
rCorr   .            (no gloves)
SInv    .            h - +1 pair of boots
Will    .....        (no amulet)
Stlth   +++          o - +6 ring of strength
HPRegen 1.05/turn    (no ring)
MPRegen 0.12/turn

%: guardian spirit
@: corroded
A: fangs 2, regeneration 1, magic shield, antimagic bite, no potion heal 2
a: Renounce Religion, Potion Petition, Call Merchant, Bribe Branch


You were on level 3 of the Dungeon.
You worshipped Gozag.
Gozag was aware of your devotion.
You visited 1 branch of the dungeon, and saw 4 of its levels.

You collected 208 gold pieces.
You paid 56 gold pieces to Gozag.

Inventory:

Hand Weapons
 a - a +1 dagger
 b - a +0 dagger of venom (weapon)
Missiles
 r - 2 datura-tipped darts (quivered)
Armour
 g - a +0 cloak (worn)
 h - a +1 pair of boots (worn)
 l - a +0 robe (worn)
Jewellery
 o - a +6 ring of strength (left hand)
Wands
 v - a wand of iceblast (8)
Scrolls
 d - 2 scrolls of enchant weapon {unknown}
 i - 3 scrolls of enchant armour
 j - a scroll of vulnerability {unknown}
 k - a scroll of poison {unknown}
 m - a scroll of teleportation {unknown}
 p - a scroll of revelation {unknown}
 s - a scroll of identify {unknown}
 t - a scroll of noise {unknown}
 u - a scroll of silence {unknown}
Potions
 c - 2 potions of invisibility
 e - 3 potions of enlightenment {unknown}
 f - 3 potions of curing {unknown}
 n - 2 potions of ambrosia {unknown}
 q - a potion of berserk rage {unknown}


   Skills:
 - Level 1.0 Fighting
 * Level 2.9 Short Blades
 + Level 2.6 Dodging
 + Level 4.9 Stealth
 - Level 2.1 Spellcasting
 + Level 3.9 Hexes
 + Level 1.9 Ice Magic


You had one spell level left.
You knew the following spells:

 Your Spells              Type           Power      Damage    Failure   Level
a - Ensorcelled Hibernat  Hex/Ice        20%        N/A       10%         2
b - Confusing Touch       Hex            13%        N/A       13%         3
c - Tukima's Dance        Hex            13%        N/A       13%         3

Your spell library contained the following spells:

 Spells                   Type           Power      Damage    Failure   Level
 Magic Dart               Conj           4%         1d3       22%         1
 Dazzling Flash           Conj/Hex       14%        N/A       28%         3
 Blink                    Tloc           2%         N/A       32%         2
 Call Imp                 Summ           2%         N/A       32%         2
 Gell's Gravitas          Tloc           1%         N/A       54%         3
 Teleport Other           Tloc           1%         N/A       54%         3
 Dispersal                Tloc           0%         N/A       100%        6


Dungeon Overview and Level Annotations

Branches:
Dungeon (4/15)
 Temple: D:4-7

Altars:
Ashenzari
Gozag
Hepliaklqana
Trog
Uskayaw
Vehumet
Wu Jian
Yredelemnul
Zin
The Shining One

Shops:
D:1 :


Innate Abilities, Weirdness & Mutations

You have extremely sharp teeth.
Your natural rate of healing is unusually fast.
When hurt, damage is shared between your health and your magic reserves.
Your bite disrupts and absorbs the magic of your enemies.
Potions cannot restore your health.


Message History

The hobgoblin completely misses you. The hound bites you.
* * * LOW HITPOINT WARNING * * *
Unknown command.
Unknown command.
You hit the hound but do no damage.
The hound looks as sick as possible!
Your bite misses the hound.
The hound is moderately wounded.
The hound closely misses you. The hobgoblin closely misses you.
Unknown command.
You closely miss the hound.
The hound is moderately wounded.
The hound barely misses you. The hobgoblin hits you.
* * * LOW HITPOINT WARNING * * *
The hound closely misses you.
Unknown command.
Unknown command.
The hound attacks as it pursues you! The hound barely misses you.
Unknown command.
You miss the hound. Your punch misses the hound.
You bite the hound, but do no damage.
The hound is heavily wounded.
The hound misses you. The hobgoblin closely misses you. The hound bites you.
* * * LOW HITPOINT WARNING * * *
Unknown command.
Unknown command.
The hobgoblin attacks as it pursues you!
The hobgoblin barely misses you.
Unknown command.
The hound attacks as it pursues you! The hound bites you.
* * * LOW HITPOINT WARNING * * *
Unknown command.
Unknown command.
You hit the hound.
The hound looks as sick as possible!
Your bite misses the hound.
The hound is severely wounded.
The hound bites you.
* * * LOW HITPOINT WARNING * * *
The hound bites you.
You die...
Your body crumbles into a pile of gold.

############## #######
#............#
......####............#
................>.....#
.........#............#
.........#......hg....#
.........#......@.....#
.........#............#
......##########'######
......# #.# ..)...#
#.################
...####
#................. .###
#.###############. .#
###'#.........# #. .#
#.............# #.


You could see a hound (extremely poisoned) and a hobgoblin.

Vanquished Creatures
  A black bear (D:3)
  A weeping skull (D:3)
  Ijyb (D:3)
  Terence (D:2)
  2 adders
  2 orcs (D:3)
  4 endoplasms
  2 giant cockroaches
  12 goblins
  4 hobgoblins
  4 quokkas (D:1)
  6 ball pythons
  7 bats
  3 frilled lizards
  4 kobolds
  8 rats
  A spectral orc (D:3)
63 creatures vanquished.

Notes
Turn   | Place    | Note
-------+----------+-------------------------------------------
     0 | D:1      | zenocrate the Vine Stalker Enchanter began the quest for
                  | the Orb.
     0 | D:1      | Reached XP level 1. HP: 9/9 MP: 4/4
    14 | D:1      | Found a faded altar of an unknown god.
    89 | D:1      | Reached skill level 1 in Short Blades
   108 | D:1      | Reached XP level 2. HP: 13/13 MP: 1/6
   119 | D:1      | Learned a level 2 spell: Ensorcelled Hibernation
   286 | D:1      | Found Axtomoz's Book Emporium.
   320 | D:1      | Reached skill level 4 in Stealth
   469 | D:1      | Reached XP level 3. HP: 17/17 MP: 7/7
   500 | D:1      | Learned a level 3 spell: Confusing Touch
   828 | D:2      | Found a radiant altar of Vehumet.
  1036 | D:2      | Noticed Terence
  1042 | D:2      | Killed Terence
  1043 | D:2      | Reached skill level 1 in Fighting
  1043 | D:2      | Reached XP level 4. HP: 22/22 MP: 5/8
  1526 | D:3      | Reached skill level 1 in Ice Magic
  1726 | D:3      | Noticed a black bear
  1735 | D:3      | Killed a black bear
  1736 | D:3      | Reached XP level 5. HP: 23/25 MP: 4/9
  1799 | D:3      | Found an ornate altar of the Wu Jian Council.
  1801 | D:3      | Found a glowing silver altar of Zin.
  1868 | D:3      | Noticed Ijyb
  1876 | D:3      | Killed Ijyb
  1891 | D:3      | Reached XP level 6. HP: 30/30 MP: 4/10
  1895 | D:3      | Learned a level 3 spell: Tukima's Dance
  2011 | D:3      | Found a hide-covered altar of Uskayaw.
  2013 | D:3      | Found a bloodstained altar of Trog.
  2016 | D:3      | Found an opulent altar of Gozag.
  2016 | D:3      | Found a glowing golden altar of the Shining One.
  2018 | D:3      | Found a hazy altar of Hepliaklqana.
  2019 | D:3      | Found a broken altar of Ashenzari.
  2024 | D:3      | Became a worshipper of Gozag Ym Sagoz the Greedy
  2174 | D:3      | Found a basalt altar of Yredelemnul.
  2266 | D:3      | Identified the +4 short sword "Timobb" {drain, rF+ rN+}
  2421 | D:3      | HP: 1/30 [hound (6)]
  2422 | D:3      | Slain by a hound

Illustrated notes

Levels and vault maps discovered:
D:1:      erik_arrival_blinker_ship, layout_rooms, serial_shops, shop,
          basic_ecumenical_altar
D:2:      layout_loops_ring, basic_altar, uniq_terence
D:3:      layout_basic, yredelemnul_forgotten_temple_becter, minitemple,
          jmf_multi_god_temple, dreamdust_mushroom_princess, uniq_ijyb
D:4:      layout_cave_pools, nicolae_ru_awakened_eye,
          mainiacjoe_overflow_brackets, st_stairs_13

Skill      XL: |  1  2  3  4 |
---------------+-------------+-----
Short Blades   | 1 2 |  2.9
Stealth        | 4 |  4.9
Dodging        | 2 |  2.6
Fighting       | 1 |  1.0
Ice Magic      | 1 |  1.9
Spellcasting   | |  2.1
Hexes          | |  3.9

Action                     |  1- 3 |  4- 6 || total
---------------------------+-------+-------++-------
  Melee: Dagger            |   104 |    55 ||   159
         Bite              |    14 |    17 ||    31
         Punch             |     1 |       ||     1
   Cast: Ensorcelled Hiber |     5 |    10 ||    15
         Confusing Touch   |       |     2 ||     2
    Use: Scroll            |     1 |       ||     1
   Stab: Sleeping          |    10 |     9 ||    19
         Confused          |       |     1 ||     1
 Armour: Robe              |    52 |    35 ||    87
  Dodge: Dodged            |    68 |    39 ||   107

Table legend: (Time is in decaauts)
 A = Elapsed time spent in this place.
 B = Non-inter-level travel time spent in this place.
 C = Inter-level travel time spent in this place.
 D = Time resting spent in this place.
 E = Time spent auto-exploring this place.
 F = Levels seen in this place.
 G = Mean time per level.
                   A        B        C        D        E       F      G
               +--------+--------+--------+--------+--------+-----+--------+
         Total |   2409 |   2336 |     73 |      0 |   1796 |   4 |  602.2 |
       Dungeon |   2409 |   2336 |     73 |      0 |   1796 |   4 |  602.2 |
               +--------+--------+--------+--------+--------+-----+--------+

Top non-repeatable levels by time:
     D:3: 946 daAuts
     D:1: 740 daAuts
     D:2: 712 daAuts
     D:4: 10 daAuts
